 Dungeon Sprint DCSS version 0.30-a0-358-g0d69a1922f (webtiles) character file.

Game seed: 16553664376692740158

1206 Low2 the Cruncher (level 8, -3/92 HPs)
             Began as an Ogre Gladiator on Nov 10, 2022.
             Was an Initiate of Ru.
             Slain by a demonic crawler (6 damage)
             ... in the Dungeon (Sprint I: "Red Sonja").
             The game lasted 00:04:30 (1001 turns).

Low2 the Cruncher (Ogre Gladiator)                  Turns: 1001, Time: 00:04:31

Health: -3/92      AC:  3    Str: 21    XL:     8   Next: 45%
Magic:  8/8        EV: 12    Int:  9    God:    Ru [......]
Gold:   105        SH:  0    Dex: 10    Spells: 7/7 levels left

rFire   + . .      SeeInvis .    a - +0 quarterstaff (vorpal)
rCold   x . .      Faith    .    (shield currently unavailable)
rNeg    . . .      Spirit   .    b - +0 robe
rPois   .          Reflect  .    c - +0 hat
rElec   .          Harm     .    (no cloak)
rCorr   .          Rampage  .    (gloves unavailable)
Will    .....      NoTele   +    (boots unavailable)
Stlth   ++........               (no amulet)
HPRegen 0.35/turn                g - ring of fire
MPRegen 0.11/turn                (no ring)

@: no status effects
A: large, unfitting armour, tough skin 1
a: Renounce Religion


You were in the Dungeon.
You worshipped Ru.
Ru was noncommittal.
You visited 1 branch You collected 405 gold pieces.
You spent 300 gold pieces at shops.

Inventory:

Hand Weapons
 a - a +0 vorpal quarterstaff (weapon)
 d - a +2 dagger of freezing
Missiles
 f - a large rock
Armour
 b - a +0 robe (worn)
 c - a +0 hat (worn)
Jewellery
 g - a ring of fire (left hand)
Wands
 l - a wand of roots (1) (quivered)
Potions
 h - a potion of haste
 i - 2 potions of magic


   Skills:
 + Level 9.4 Fighting
 + Level 12.6 Staves
 + Level 6.6 Throwing
 + Level 9.0 Dodging
 + Level 2.1 Stealth
 + Level 0.1 Evocations


You had 7 spell levels left.
You didn't know any spells.
Your spell library was empty.

Dungeon Overview and Level Annotations

Branches:
Dungeon (1/1)

Altars:
Cheibriados
Dithmenos
Elyvilon
Fedhas
Gozag
Hepliaklqana
Kikubaaqudgha
Makhleb
Nemelex Xobeh
Okawaru
Qazlal
Ru
Sif Muna
Trog
Uskayaw
Vehumet
Wu Jian
Xom
Yredelemnul
Zin
The Shining One
Jiyva
Lugonu

Shops:
D =


Innate Abilities, Weirdness & Mutations

You are too large for most types of armour.
You have tough skin. (AC +1)


Message History

The demonic crawler shrieks in warning!
Aiming: Fastroot
Press: ? - help, Q - select action, (/) - cycle Shift-Dir - straight line, p - demonic crawler The roots erupt in riotous growth!
Roots grab the demonic crawler.
Roots grab the demonic crawler. x2
The grasping roots constrict the demonic crawler. x4
The roots release their grip on the demonic crawler.
The demonic crawler struggles to escape constriction.
The demonic crawler misses you.
The demonic crawler hits you but does no damage.
The demonic crawler hits you.
The demonic crawler hits you but does no damage.
The demonic crawler hits you. The demonic crawler hits you!
The demonic crawler struggles to escape constriction.
You barely miss the demonic crawler.
The demonic crawler is heavily wounded.
The grasping roots constrict the demonic crawler. x3
The roots release their grip on the demonic crawler. x3
The demonic crawler hits you but does no damage.
The demonic crawler hits you.
The demonic crawler hits you but does no damage.
The demonic crawler hits you! x2
* * * LOW HITPOINT WARNING * * *
The demonic crawler hits you!
* * * LOW HITPOINT WARNING * * *
Aiming: Fastroot
Press: ? - help, Q - select action, (/) - cycle Shift-Dir - straight line The roots erupt in riotous growth!
Roots grab the demonic crawler.
Roots grab the demonic crawler. x3
The grasping roots constrict the demonic crawler, but do no damage.
The grasping roots constrict the demonic crawler. x3
The demonic crawler closely misses you. The demonic crawler hits you.
* * * LOW HITPOINT WARNING * * *
The demonic crawler hits you but does no damage. x2
The demonic crawler hits you.
* * * LOW HITPOINT WARNING * * *
The demonic crawler hits you.
You die...

######################
..').#..'..#__#§@ss.§#
).#..)..#§§§§§§§s#s§.##+#
####'#####§#§§####..§§§§#
###..#...#)#### #####§§+
__####..##.# ##
_____##'#_.+ _.∩...'..._#
_..__##_.#'# _____###+#.#


You could see 4 demonic crawlers.

Vanquished Creatures
  2 kobold demonologists (D)
  A slime creature (D)
  Sigmund (D)
  A yak (D)
  A floating eye (D)
  An ogre (D)
  A jelly (D)
  Ijyb (D)
9 creatures vanquished.

Notes
Turn   | Place    | Note
-------+----------+-------------------------------------------
     0 | D        | Low2 the Ogre Gladiator began the quest for the Orb.
     0 | D        | Reached XP level 1. HP: 22/22 MP: 1/1
     2 | D        | Noticed Ijyb
    11 | D        | Killed Ijyb
    12 | D        | Reached skill level 4 in Staves
    12 | D        | Reached XP level 2. HP: 20/32 MP: 2/2
    12 | D        | Reached XP level 3. HP: 24/39 MP: 3/3
    68 | D        | Noticed an ogre
    80 | D        | Killed an ogre
    81 | D        | Reached skill level 5 in Fighting
    81 | D        | Reached skill level 6 in Staves
    81 | D        | Reached skill level 5 in Dodging
    81 | D        | Reached XP level 4. HP: 17/50 MP: 4/4
   208 | D        | Noticed Sigmund
   234 | D        | Killed Sigmund
   235 | D        | Reached skill level 8 in Staves
   235 | D        | Reached skill level 1 in Stealth
   235 | D        | Reached XP level 5. HP: 23/59 MP: 5/5
   235 | D        | Reached XP level 6. HP: 27/67 MP: 6/6
   382 | D        | Found an ornate altar of the Wu Jian Council.
   382 | D        | Found a shimmering blue altar of Sif Muna.
   385 | D        | Reached skill level 9 in Staves
   385 | D        | Found a radiant altar of Vehumet.
   418 | D        | Found Riganeos's Jewellery Emporium.
   418 | D        | Found an ancient bone altar of Kikubaaqudgha.
   418 | D        | Found a hazy altar of Hepliaklqana.
   418 | D        | Found a stormy altar of Qazlal.
   418 | D        | Found a hide-covered altar of Uskayaw.
   418 | D        | Found a blossoming altar of Fedhas.
   418 | D        | Found a bloodstained altar of Trog.
   418 | D        | Found an iron altar of Okawaru.
   418 | D        | Found a basalt altar of Yredelemnul.
   418 | D        | Found a glowing golden altar of the Shining One.
   418 | D        | Found a snail-covered altar of Cheibriados.
   418 | D        | Found a sacrificial altar of Ru.
   418 | D        | Found a glowing silver altar of Zin.
   418 | D        | Found a shadowy altar of Dithmenos.
   418 | D        | Found a white marble altar of Elyvilon.
   418 | D        | Noticed a yak
   423 | D        | Killed a yak
   424 | D        | Reached skill level 10 in Staves
   424 | D        | Reached skill level 5 in Throwing
   424 | D        | Reached XP level 7. HP: 63/78 MP: 7/7
   424 | D        | Found an opulent altar of Gozag.
   437 | D        | Found a burning altar of Makhleb.
   437 | D        | Found a viscous altar of Jiyva.
   437 | D        | Found a shimmering altar of Xom.
   437 | D        | Found a corrupted altar of Lugonu.
   437 | D        | Noticed a slime creature
   453 | D        | Killed a slime creature
   877 | D        | Found a sparkling altar of Nemelex Xobeh.
   890 | D        | Became a worshipper of Ru the Awakened
   916 | D        | Noticed a kobold demonologist
   916 | D        | Noticed a kobold demonologist
   918 | D        | Paralysed by a floating eye for 2 turns
   923 | D        | Killed a kobold demonologist
   924 | D        | Reached skill level 11 in Staves
   924 | D        | Reached XP level 8. HP: 80/89 MP: 8/8
   926 | D        | Reached skill level 12 in Staves
   932 | D        | Killed a kobold demonologist
   964 | D        | Bought a ring of fire for 300 gold pieces
   991 | D        | Noticed a demonic crawler
   991 | D        | Noticed a demonic crawler
   991 | D        | Noticed a demonic crawler
   991 | D        | Noticed a demonic crawler
  1001 | D        | HP: 4/92 [demonic crawler (6)]
  1001 | D        | Slain by a demonic crawler

Illustrated notes

Levels and vault maps discovered:
D:        dungeon_sprint_1 [red_sonja_temple_1, red_sonja_temple_small_1]

Skill      XL: |  1  2  3  4  5  6  7  8 |
---------------+-------------------------+-----
Fighting       | 3 5 6 7 8 9 |  9.4
Staves         | 4 6 8 10 11 12 | 12.6
Dodging        | 4 5 6 7 8 9 |  9.0
Throwing       | 3 4 5 6 |  6.6
Stealth        | 1 2 |  2.1
Evocations     | |  0.1

Action                   |  1- 3 |  4- 6 |  7- 9 || total
-------------------------+-------+-------+-------++-------
Melee: Quarterstaff      |    17 |     8 |    25 ||    50
Throw: Throwing net      |     2 |     1 |       ||     3
       Large rock        |       |     4 |     2 ||     6
Evoke: Wand              |       |       |     6 ||     6
  Use: Potion            |       |     2 |     1 ||     3
       Scroll            |       |       |     3 ||     3
 Stab: Held in net/web   |     1 |       |       ||     1
Armor: Robe              |       |       |     9 ||     9
Dodge: Dodged            |     3 |     3 |    13 ||    19

Table legend: (Time is in decaauts)
 A = Elapsed time spent in this place.
 B = Non-inter-level travel time spent in this place.
 C = Inter-level travel time spent in this place.
 D = Time resting spent in this place.
 E = Time spent auto-exploring this place.
 F = Levels seen in this place.
 G = Mean time per level.
                   A        B        C        D        E       F      G
               +--------+--------+--------+--------+--------+-----+--------+
         Total |   1009 |   1009 |      0 |    690 |      0 |   1 | 1009.0 |
       Dungeon |   1009 |   1009 |      0 |    690 |      0 |   1 | 1009.0 |
               +--------+--------+--------+--------+--------+-----+--------+

Top non-repeatable levels by time:
       D: 1009 daAuts
